 Dungeon Crawl Stone Soup version 0.20-a0-507-gc86f373 (webtiles) character file.

16993 nono the Blocker (level 12, -1/76 HPs)
             Began as a Halfling Assassin on Jan 21, 2017.
             Was a Follower of Uskayaw.
             Slain by a six-headed hydra (10 damage)
             ... on level 2 of the Lair of Beasts.
             The game lasted 01:18:55 (14956 turns).

nono the Blocker (Halfling Assassin)               Turns: 14956, Time: 01:18:56

Health: -1/76      AC: 16    Str: 19    XL:     12   Next: 77%
Magic:  12/12      EV: 12    Int:  9    God:    Uskayaw [*.....]
Gold:   230        SH: 13    Dex: 17    Spells: 8/11 levels left

rFire    . . .     SeeInvis +   a - +4 scimitar (flame)
rCold    . . .     Gourm    .   V - +0 plate armour
rNeg     . . .     Faith    +   j - +0 shield
rPois    .         Spirit   .   (no helmet)
rElec    +         Reflect  .   d - +0 cloak
rCorr    .         Harm     .   (no gloves)
MR       +....                  (no boots)
Stlth    ..........             T - amulet of faith
Regen    0.3/turn               B - ring of Gozag's Generosity {rElec MR+ Str+3}
                                W - ring of see invisible

@: studying Crossbows
A: mutation resistance 1
a: Stomp, Renounce Religion


You were on level 2 of the Lair of Beasts.
You worshipped Uskayaw.
Uskayaw was noncommittal.
You were near starving.

You visited 3 branches of the dungeon, and saw 15 of its levels.

You collected 724 gold pieces.
You spent 494 gold pieces at shops.

Inventory:

Hand Weapons
 a - a +4 scimitar of flaming (weapon)
 b - a +1 dagger of draining
 u - a +0 blowgun
 R - a +3 rapier of venom
Missiles
 e - 56 poisoned needles
 f - 3 curare-tipped needles
 n - 47 sling bullets
 v - 2 needles of sleeping
 F - a throwing net (quivered)
Armour
 d - a +0 cloak (worn)
 j - a +0 shield (worn)
 J - +0 ice dragon scales
 V - a +0 plate armour (worn)
Jewellery
 t - an uncursed amulet of guardian spirit
 A - a +3 ring of strength
 B - the ring of Gozag's Generosity (right hand) {rElec MR+ Str+3}
   (You bought it in a shop on level 4 of the Dungeon)

   [ring of strength]

   It affects your strength (+3).
   It insulates you from electricity.
   It affects your resistance to hostile enchantments.
 I - a +6 ring of intelligence
 T - an amulet of faith (around neck)
 W - a ring of see invisible (left hand)
Wands
 i - a wand of flame (15/48)
 o - a wand of disintegration (19/24)
 s - a wand of paralysis (11/24)
 Q - a wand of acid (4/15)
 S - a wand of flame (30/48)
 Y - a wand of disintegration (12/24)
 Z - a wand of polymorph (12/24)
Scrolls
 c - 3 scrolls of enchant armour
 h - 6 scrolls of teleportation
 l - a scroll of noise {unknown}
 m - 5 scrolls of fear
 r - 3 scrolls of fog
 x - a scroll of magic mapping
 G - a scroll of identify
 K - 3 scrolls of enchant weapon
 L - 5 scrolls of remove curse
 M - a scroll of blinking {unknown}
 X - a scroll of recharging
Potions
 p - 2 potions of curing
 q - a potion of invisibility {unknown}
 z - 2 potions of flight
 C - a potion of agility
 D - a potion of ambrosia {unknown}
 H - 2 potions of might {unknown}
 N - a potion of heal wounds
 O - 2 potions of lignification {unknown}
 P - 2 potions of haste
 U - a potion of cancellation {unknown}
Books
 y - a manual of Crossbows
Comestibles
 g - 17 bread rations
 k - 9 meat rations
 w - 5 royal jellies


   Skills:
 + Level 4.9 Fighting
 - Level 2.6(7.8) Short Blades
 - Level 9.7(9.8) Long Blades
 - Level 2.0 Throwing
 - Level 10.7 Armour
 - Level 9.7 Dodging
 - Level 5.0 Stealth
 - Level 11.0 Shields


You had 8 spell levels left.
You knew the following spells:

 Your Spells              Type           Power        Failure   Level  Hunger
a - Infusion              Chrm           #...         100%        1    ##.....
b - Repel Missiles        Chrm/Air       #.....       100%        2    ###....


Dungeon Overview and Level Annotations

Branches:
Dungeon (11/15)            Temple (1/1) D:6            Lair (3/6) D:11
    Orc (0/2) D:11
  Swamp: Lair:2-4    Shoals: Lair:2-4     Snake: Lair:2-4    Spider: Lair:2-4

Altars:
Ashenzari
Cheibriados
Gozag
Makhleb
Okawaru
Trog
Uskayaw
Xom
Yredelemnul
The Shining One

Shops:
D:4 =

Annotations:
D:4 Duffy's ghost, novice FoFi
D:8 kuniqs's ghost, novice BaGl


Innate Abilities, Weirdness & Mutations

You are small and have problems with some larger weapons.
You are somewhat resistant to further mutation.


Message History

The seven-headed hydra bites you but does no damage.
You block the seven-headed hydra's attack. x2
You slice one of the seven-headed hydra's heads off!
The flame cauterises the wound!
You slash the six-headed hydra! You burn the six-headed hydra.
The six-headed hydra is moderately wounded.
The six-headed hydra misses you.
The six-headed hydra bites you but does no damage.
You block the six-headed hydra's attack. x2
The six-headed hydra bites you. x2
You barely miss the six-headed hydra.
The six-headed hydra is moderately wounded.
The six-headed hydra bites you. The six-headed hydra bites you!
* * * LOW HITPOINT WARNING * * *
You block the six-headed hydra's attack.
The six-headed hydra bites you.
* * * LOW HITPOINT WARNING * * *
You block the six-headed hydra's attack.
The six-headed hydra bites you!
You die...

#..P.#.## #...## ###P'## .....###
#.##.# ###..# '#.##### #####+.#.#
#.#.##### .....#.###........#
###........ ....'....#........#
###P#........ ...<.###...'......#
#............ ....##
#####......###.##P........ ....#
#.......<...##........ ....#
#....@..###.#......... +####
#P.....D## ##......... .
###.####.# ##........ .# #.###.##
##.....## ..# #....## #.#.###
..## ###.#.+.### #.......# ...###
###.........# #......+.
.#...####...........#####......#.
.......#.............#P........##


You could see a six-headed hydra.

Vanquished Creatures
  2 hydras (D:11)
  Erica (Lair:1)
  A centaur warrior (D:10)
  Pikel (D:5)
  A manticore (D:11)
  3 black mambas (Lair:3)
  A spiny frog (Lair:2)
  3 komodo dragons
  A merfolk (D:10)
  2 trolls (D:11)
  A dream sheep (Lair:3)
  2 hippogriffs
  Sigmund (D:3)
  A shadow (D:11)
  Eustachio (D:4)
  6 yaks (D:10)
  4 wyverns
  Grum (D:10)
  2 hungry ghosts
  Edmund (D:6)
  10 water moccasins
  5 orc warriors
  6 porcupines
  2 sky beasts
  4 ice beasts
  A phantom (D:7)
  11 ogres
  2 wolves (D:10)
  5 centaurs
  3 crocodiles
  4 big kobolds (D:11)
  7 bullfrogs
  A wyvern zombie (D:10)
  A water moccasin zombie (D:6)
  4 scorpions
  4 killer bees (D:9)
  2 vampire bats (Lair:3)
  5 wights (D:6)
  3 electric eels
  3 howler monkeys
  A centaur zombie (D:7)
  3 crimson imps
  3 bullfrog zombies
  2 jellies
  4 orc priests
  4 hounds
  2 centaur skeletons
  Jessica (D:3)
  5 iguanas
  7 worker ants
  2 orc wizards
  A killer bee zombie (D:9)
  A hound zombie (D:9)
  2 hound skeletons
  2 worker ant zombies (D:10)
  17 gnolls
  16 adders
  4 shadow imps
  2 oozes
  3 worms
  3 dart slugs
  4 leopard geckos
  44 orcs
  5 ball pythons
  15 bats
  3 giant cockroaches
  8 goblins
  5 hobgoblins
  8 jackals
  2 quokkas
  5 frilled lizards
  11 kobolds
  11 rats
325 creatures vanquished.

Vanquished Creatures (others)
  2 slaves (D:6)
  An orc priest (D:6)
  An orc (D:6)
  2 fungi
  2 plants (Lair:3)
8 creatures vanquished.

Grand Total: 333 creatures vanquished

Notes
Turn   | Place    | Note
-------+----------+-------------------------------------------
     0 | D:1      | nono the Halfling Assassin began the quest for the Orb.
     0 | D:1      | Reached XP level 1. HP: 14/14 MP: 1/1
   155 | D:1      | Reached XP level 2. HP: 13/19 MP: 2/2
   616 | D:1      | Found a shattered altar of Ashenzari.
   643 | D:1      | Reached XP level 3. HP: 24/24 MP: 3/3
   652 | D:1      | Reached skill level 1 in Shields
   675 | D:1      | Reached skill level 5 in Stealth
  1155 | D:1      | Reached skill level 1 in Armour
  1155 | D:1      | Reached skill level 2 in Shields
  1155 | D:1      | Reached XP level 4. HP: 24/29 MP: 4/4
  1936 | D:2      | Reached XP level 5. HP: 34/34 MP: 5/5
  2176 | D:3      | Noticed Jessica
  2192 | D:3      | Killed Jessica
  2192 | D:3      | Reached skill level 3 in Shields
  2245 | D:3      | Noticed a bullfrog
  2364 | D:3      | Killed a bullfrog
  2364 | D:3      | Reached skill level 1 in Long Blades
  2364 | D:3      | Reached XP level 6. HP: 35/39 MP: 6/6
  2648 | D:3      | Noticed Sigmund
  2659 | D:3      | Killed Sigmund
  2659 | D:3      | Reached skill level 4 in Shields
  2659 | D:3      | Reached XP level 7. HP: 44/44 MP: 7/7
  2729 | D:3      | Found an opulent altar of Gozag.
  2794 | D:4      | Found Opureyfoe's Jewellery Shoppe.
  2794 | D:4      | Noticed Duffy's ghost (novice FoFi)
  2997 | D:4      | Found a burning altar of Makhleb.
  3481 | D:4      | Reached skill level 5 in Shields
  3531 | D:4      | Noticed Eustachio
  3785 | D:4      | Killed Eustachio
  3785 | D:4      | Reached skill level 5 in Armour
  3785 | D:4      | Reached XP level 8. HP: 18/49 MP: 3/8
  4218 | D:5      | Entered Level 5 of the Dungeon
  4276 | D:5      | Found a basalt altar of Yredelemnul.
  4710 | D:5      | Found a glowing golden altar of the Shining One.
  5095 | D:5      | Reached skill level 6 in Shields
  5364 | D:6      | Found a staircase to the Ecumenical Temple.
  5367 | Temple   | Entered the Ecumenical Temple
  5374 | Temple   | Became a worshipper of Uskayaw the Reveler
  5632 | D:5      | Reached * piety under Uskayaw
  5764 | D:6      | Noticed Edmund
  5800 | D:6      | Killed Edmund
  5905 | D:6      | Reached XP level 9. HP: 50/54 MP: 9/9
  6007 | D:6      | Reached ** piety under Uskayaw
  6047 | D:6      | Noticed Pikel
  6073 | D:6      | Reached skill level 5 in Long Blades
  6139 | D:5      | Reached *** piety under Uskayaw
  6140 | D:5      | Killed Pikel
  6140 | D:5      | Reached skill level 7 in Shields
  6328 | D:6      | Reached **** piety under Uskayaw
  6345 | D:6      | Reached ***** piety under Uskayaw
  6851 | D:7      | Reached skill level 5 in Dodging
  7355 | D:7      | Noticed a gargoyle
  7356 | D:7      | Reached XP level 10. HP: 49/60 MP: 7/10
  7945 | D:8      | You fall through a shaft for 2 floors!
  7945 | D:10     | Entered Level 10 of the Dungeon
  8084 | D:8      | Reached skill level 8 in Shields
  8226 | D:8      | Noticed kuniqs's ghost (novice BaGl)
  9429 | D:10     | Reached skill level 9 in Shields
  9456 | D:10     | Reached ****** piety under Uskayaw
  9460 | D:10     | Reached XP level 11. HP: 57/64 MP: 11/11
  9778 | D:10     | Learned a level 1 spell: Infusion
  9790 | D:10     | Learned a level 2 spell: Repel Missiles
  9831 | D:10     | Noticed Grum
  9849 | D:10     | Killed Grum
 10409 | D:11     | Noticed a manticore
 10429 | D:11     | Killed a manticore
 10741 | D:11     | HP: 1/64 [something (12)]
 11098 | D:11     | Noticed a seven-headed hydra
 11349 | D:11     | Found a staircase to the Orcish Mines.
 11374 | D:11     | Reached skill level 10 in Shields
 11662 | D:11     | Noticed a five-headed hydra
 11695 | D:11     | Killed a six-headed hydra
 11695 | D:11     | Reached skill level 10 in Armour
 11856 | D:11     | Killed a seven-headed hydra
 11856 | D:11     | Reached XP level 12. HP: 40/70 MP: 12/12
 12093 | D:11     | Found a staircase to the Lair.
 12141 | Lair:1   | Entered Level 1 of the Lair of Beasts
 12311 | D:10     | Noticed a centaur warrior
 12323 | D:10     | Killed a centaur warrior
 12405 | D:7      | You fall through a shaft for 2 floors!
 12554 | D:4      | Bought the ring of Gozag's Generosity {rElec MR+ Str+3} for 494 gold pieces
 12840 | Lair:1   | Noticed Erica
 12879 | Lair:1   | Killed Erica
 13528 | Lair:2   | Identified a scroll of acquirement
 13998 | Lair:2   | Reached skill level 11 in Shields
 14952 | Lair:2   | Noticed an eight-headed hydra
 14956 | Lair:2   | Slain by a six-headed hydra

Vault maps used:
D:1:      shiori_arrival_maze, nicolae_ashenzari_panopticon
D:3:      grunt_gozag_statues, uniq_jessica, uniq_sigmund
D:4:      marbit_many_paths, first_bread, serial_shops, kennysheep_little_box,
          uniq_eustachio
D:5:      yredelemnul_altar_generic, basic_altar
D:6:      uniq_pikel, uniq_edmund
D:9:      centaur_isle
D:10:     hangedman_fish_farm, kennysheep_generic_room_16, uniq_grum
D:11:     lair_entry_dummy, kennysheep_orc_monster_closet_entryway, special_room
Temple:   compressed_dpeg_circular_temple
Lair:1:   infiniplex_staircase_pool_2, serial_bayou_shore_a, uniq_erica
Lair:2:   infiniplex_staircase_pool
Lair:3:   dpeg_oklob_gauntlet, minmay_shoals_entry_hut,
          minmay_snake_entry_six_corridors, roderic_batcave, grunt_megastairs_2

Skill      XL: |  1  2  3  4  5  6  7  8  9 10 11 12 |
---------------+-------------------------------------+-----
Shields        | 2 3 4 5 6 7 9 10 11 | 11.0
Stealth        | 5 |  5.0
Armour         | 1 2 3 4 5 6 7 8 10 | 10.7
Long Blades    | 1 2 3 4 6 7 9 |  9.7
Dodging        | 3 5 7 9 |  9.7
Fighting       | 4 |  4.9
Short Blades   | |  2.6
Throwing       | |  2.0

Action                   |  1- 3 |  4- 6 |  7- 9 | 10-12 || total
-------------------------+-------+-------+-------+-------++-------
Melee: Dagger            |   109 |   217 |   402 |   857 ||  1585
       Long sword        |       |       |   227 |   255 ||   482
       Scimitar          |       |       |       |   172 ||   172
 Fire: Hunting sling     |       |     7 |       |       ||     7
       Blowgun           |       |     4 |    53 |       ||    57
Throw: Stone             |     2 |     4 |       |       ||     6
Invok: Stomp             |       |       |       |     3 ||     3
Evoke: Wand              |       |       |       |     6 ||     6
  Use: Scroll            |       |     2 |     4 |    12 ||    18
       Potion            |       |       |     2 |     6 ||     8
 Stab: Sleeping          |     2 |     4 |       |       ||     6
       Paralysed         |       |       |     7 |    43 ||    50
  Eat: Chunk             |     1 |     5 |    13 |    21 ||    40
       Fruit             |       |       |     2 |     7 ||     9
       Royal jelly       |       |       |       |     1 ||     1
Armor: Robe              |    15 |       |       |       ||    15
       Ring mail         |     4 |    59 |    48 |       ||   111
       Chain mail        |       |       |   152 |   274 ||   426
       Plate armour      |       |       |       |    50 ||    50
Dodge: Dodged            |    64 |    61 |   177 |   404 ||   706
Block: Shield            |     4 |    79 |   278 |   643 ||  1004
       Rpst.: Long sword |       |       |    21 |    37 ||    58
       Scimitar          |       |       |       |    19 ||    19
